 Dungeon Crawl Stone Soup version 0.22.1-1-ga44c0e56f4 (webtiles) character file.

797 Chidaruma the Digger (level 7, -1/46 HPs)
             Began as a Demonspawn Earth Elementalist on Oct 31, 2018.
             Was an Initiate of Gozag.
             Shot with an arrow by a centaur (4 damage)
             ... on level 5 of the Dungeon.
             The game lasted 00:28:24 (5436 turns).

Chidaruma the Digger (DsEE)                         Turns: 5436, Time: 00:28:25

Health: -1/46      AC:  8    Str: 12    XL:     7   Next: 58%
Magic:  0/14       EV: 11    Int: 23    God:    Gozag
Gold:   674        SH:  0    Dex: 15    Spells: 9/15 levels left

rFire    . . .     SeeInvis .   y - +0 dagger (elec)
rCold    . . .     Gourm    .   (no shield)
rNeg     . . .     Faith    .   A - +0 ring mail (curse)
rPois    +         Spirit   +   (helmet restricted)
rElec    .         Reflect  .   m - +0 cloak
rCorr    .         Harm     .   z - +1 pair of gloves {Str+3}
MR       .....                  (no boots)
Stlth    ++........             (no amulet)
HPRegen  0.15/turn              s - ring of poison resistance
MPRegen  0.14/turn              (no ring)

@: brilliant, very slightly contaminated, invisible
A: antennae 1, thin skeletal structure 1, powered by death 2, magic shield
a: Potion Petition, Call Merchant, Bribe Branch, Renounce Religion


You were on level 5 of the Dungeon.
You worshipped Gozag.
Gozag was pleased with you.
You were not hungry.

You visited 1 branch of the dungeon, and saw 5 of its levels.

You collected 701 gold pieces.
You paid 27 gold pieces to Gozag.

Inventory:

Hand Weapons
 x - a +0 trident
 y - a +0 dagger of electrocution (weapon)
Missiles
 b - 61 stones (quivered)
 j - 26 bolts
 p - 12 sling bullets
 t - 5 silver javelins
 G - 4 tomahawks
Armour
 c - a +0 robe
 m - a +0 cloak (worn)
 u - a +0 leather armour
 z - a +1 pair of gloves of strength (worn)
 A - a cursed +0 ring mail (worn)
Jewellery
 s - a ring of poison resistance (left hand)
Scrolls
 a - 2 scrolls of enchant weapon {unknown}
 e - 3 scrolls of magic mapping
 g - a scroll of random uselessness {unknown}
 i - 2 scrolls of amnesia {unknown}
 l - a scroll of blinking {unknown}
 n - 3 scrolls of teleportation {unknown}
 q - a scroll of remove curse {unknown}
 r - 4 scrolls of enchant armour {unknown}
 B - 2 scrolls of fog {unknown}
 C - a scroll of noise {unknown}
 D - 3 scrolls of identify {unknown}
Potions
 f - a potion of agility {unknown}
 h - a potion of invisibility
 k - a potion of curing {unknown}
 o - 2 potions of haste {unknown}
 v - a potion of brilliance
 w - a potion of mutation {unknown}
 E - a potion of lignification {unknown}
 F - a potion of heal wounds {unknown}
Comestibles
 d - 4 rations


   Skills:
 - Level 1.1 Short Blades
 * Level 2.4 Armour
 + Level 2.9 Dodging
 + Level 2.7 Stealth
 * Level 4.8 Spellcasting
 + Level 0.3 Conjurations
 + Level 0.8 Transmutations
 * Level 5.2 Earth Magic


You had 9 spell levels left.
You knew the following spells:

 Your Spells              Type           Power        Failure   Level  Hunger
a - Sandblast             Erth           #####.       1%          1    None
b - Passwall              Tmut/Erth      ####....     1%          2    None
c - Stone Arrow           Conj/Erth      ####..       2%          3    ##.....

Your spell library contained the following spells:

 Spells                   Type           Power        Failure   Level  Hunger
 Petrify                  Tmut/Erth      ####....     7%          4    ####...
 Lee's Rapid Deconstruct  Erth           #####.....   8%          5    #####..


Dungeon Overview and Level Annotations

Branches:
Dungeon (5/15)
 Temple: D:4-7

Altars:
Ashenzari
Dithmenos
Gozag
Nemelex Xobeh
Ru
Wu Jian
Xom


Innate Abilities, Weirdness & Mutations

You have a pair of small antennae on your head.
You have a somewhat thin skeletal structure. (Dex +2, Stealth)
You regenerate health from kills.
When hurt, damage is shared between your health and your magic reserves.


Message History

The centaur shoots an arrow.
The arrow hits you!
* * * LOW HITPOINT WARNING * * *
You see here an arrow.
The centaur shoots an arrow.
The arrow hits you.
* * * LOW HITPOINT WARNING * * *
You see here an arrow.
It was a potion of brilliance.
You feel clever all of a sudden.
The centaur shoots an arrow.
The arrow closely misses you.
It was a potion of invisibility.
You fade into invisibility!
The centaur shoots an arrow.
The arrow closely misses you.
You are very lightly contaminated with residual magic.
The centaur shoots an arrow.
The arrow closely misses you.
The centaur shoots an arrow.
The arrow barely misses you.
You see here 3 arrows.
The centaur shoots an arrow.
The centaur shoots an arrow.
The arrow hits you.
You die...
Your body crumbles into a pile of gold. #.#P...P P #c#PPP.PPPP

#.####.##.# #.# .##.
########## #(# ....
.........#### #(# #.#
##.####...... #(# #.#
.............
##(######.###.#.####..####
#.#.c....@....#.####..#
##.######.#####.......#
### #.# ######.## #.# #.#
#.# #.# #.##########.#
#............#
##############


You could see a centaur.

Vanquished Creatures
  A water moccasin (D:5)
  A bullfrog (D:5)
  A centaur zombie (D:3)
  2 orc priests (D:4)
  2 centaur skeletons (D:4)
  A hound (D:4)
  A bullfrog skeleton (D:4)
  3 orc wizards
  An iguana (D:4)
  5 worker ants
  A hound skeleton (D:4)
  6 adders
  A shadow imp (D:5)
  An ooze (D:3)
  3 dart slugs
  2 leopard geckos
  16 orcs
  2 ball pythons
  4 giant cockroaches
  11 goblins
  7 hobgoblins
  12 jackals
  3 quokkas
  7 bats
  4 frilled lizards
  5 kobolds
  A leopard gecko zombie (D:5)
  4 rats
108 creatures vanquished.

Notes
Turn   | Place    | Note
-------+----------+-------------------------------------------
     0 | D:1      | Chidaruma the Demonspawn Earth Elementalist began the quest
                  | for the Orb.
     0 | D:1      | Reached XP level 1. HP: 13/13 MP: 3/3
   300 | D:1      | Gained mutation: You regenerate a little health from kills.
                  | [demonic ancestry]
   300 | D:1      | Reached XP level 2. HP: 17/19 MP: 1/5
   362 | D:1      | Learned a level 2 spell: Passwall
   367 | D:1      | Reached skill level 3 in Earth Magic
  1147 | D:2      | Found an opulent altar of Gozag.
  1167 | D:2      | Became a worshipper of Gozag Ym Sagoz the Greedy
  1221 | D:2      | Gained mutation: You have a pair of small antennae on your
                  | head. [demonic ancestry]
  1221 | D:2      | Reached XP level 3. HP: 23/24 MP: 3/6
  1700 | D:2      | Gained mutation: You have a somewhat thin skeletal
                  | structure. (Dex +2, Stealth) [demonic ancestry]
  1700 | D:2      | Reached XP level 4. HP: 18/30 MP: 4/8
  2092 | D:2      | Learned a level 3 spell: Stone Arrow
  2759 | D:3      | Found a faded altar of an unknown god.
  2763 | D:3      | Gained mutation: When hurt, damage is shared between your
                  | health and your magic reserves. [demonic ancestry]
  2763 | D:3      | Reached XP level 5. HP: 35/35 MP: 0/10
  2773 | D:3      | Reached skill level 4 in Earth Magic
  3478 | D:4      | Found a sparkling altar of Nemelex Xobeh.
  3655 | D:4      | Found an ornate altar of the Wu Jian Council.
  3894 | D:4      | Gained mutation: You regenerate health from kills. [demonic
                  | ancestry]
  3894 | D:4      | Reached XP level 6. HP: 39/41 MP: 8/12
  4030 | D:4      | Reached skill level 1 in Armour
  4274 | D:4      | Reached skill level 1 in Short Blades
  4342 | D:4      | Found a shimmering altar of Xom.
  4480 | D:4      | Reached XP level 7. HP: 46/46 MP: 13/13
  4658 | D:4      | Found a shattered altar of Ashenzari.
  4661 | D:4      | Found a sacrificial altar of Ru.
  4879 | D:5      | Entered Level 5 of the Dungeon
  5007 | D:5      | Found a shadowy altar of Dithmenos.
  5147 | D:5      | Reached skill level 5 in Earth Magic
  5425 | D:5      | HP: 2/46 [centaur/arrow (3)]
  5436 | D:5      | Shot with an arrow by a centaur

Skill      XL: |  1  2  3  4  5  6  7 |
---------------+----------------------+-----
Earth Magic    | 3 4 5 |  5.2
Stealth        | 2 |  2.7
Dodging        | 2 |  2.9
Spellcasting   | 3 4 |  4.8
Armour         | 1 2 |  2.4
Short Blades   | 1 |  1.1
Conjurations   | |  0.3
Transmutations | |  0.8

Action                   |  1- 3 |  4- 6 |  7- 9 || total
-------------------------+-------+-------+-------++-------
Melee: Unarmed           |    14 |       |       ||    14
       Club              |    35 |    34 |       ||    69
       Trident           |       |    31 |       ||    31
       Dagger            |       |    83 |    64 ||   147
 Cast: Sandblast         |    50 |    45 |    14 ||   109
       Stone Arrow       |       |    12 |       ||    12
  Use: Scroll            |       |     1 |       ||     1
       Potion            |       |       |     2 ||     2
 Stab: Sleeping          |     3 |     3 |     1 ||     7
  Eat: Chunk             |     1 |       |       ||     1
       Ration            |       |     4 |     1 ||     5
Armor: Robe              |    24 |    18 |       ||    42
       Leather armour    |       |     9 |       ||     9
       Ring mail         |       |    19 |    20 ||    39
Dodge: Dodged            |    68 |   110 |    42 ||   220
